 Dungeon Sprint DCSS version 0.16-a0-3803-gd4b2de5 (console) character file.

3250 Monkaria the Carver (level 9, 0/89 HPs)
             Began as a Hill Orc Fighter on Jan 26, 2015.
             Was the Champion of Makhleb.
             Slain by a spiny frog (10 damage)
             ... in the Dungeon (Sprint IX: "|||||||||||||||||||||||||||||").
             The game lasted 00:05:36 (1632 turns).

Monkaria the Carver (Hill Orc Fighter)              Turns: 1632, Time: 00:05:37

Health: 0/89       AC: 16    Str: 25    XL:     9   Next: 99%
Magic:  24/24      EV:  9    Int:  8    God:    Makhleb [******]
Gold:   0          SH: 11    Dex: 10    Spells: 0 memorised, 8 levels left

rFire  . . .     SeeInvis .     a - +0 long sword
rCold  . . .     Clarity  .     s - +1 chain mail
rNeg   . . .     SustAb   .     c - +0 shield
rPois  .         Gourm    .     q - +0 helmet
rElec  .         Spirit   .     (no cloak)
rCorr  .         Warding  .     (no gloves)
rMut   .         NoTele   +     r - +0 pair of boots
MR     .....                    (no amulet)
Stlth  ..........               u - +2 ring of evasion
                                t - +3 ring of strength

@: not resistant to hostile enchantments, extremely unstealthy
A: no striking features
a: Minor Destruction, Lesser Servant of Makhleb, Major Destruction, Greater
Servant of Makhleb, Renounce Religion


You were in the Dungeon.
You worshipped Makhleb.
Makhleb was exalted by your worship.
You were hungry.

You visited 1 branch

Inventory:

Hand weapons
 a - a +0 long sword (weapon)
 p - a +2 scimitar of holy wrath
Armour
 c - a +0 shield (worn)
 q - a +0 helmet (worn)
 r - a +0 pair of boots (worn)
 s - a +1 chain mail (worn)
Jewellery
 t - a +3 ring of strength (left hand)
 u - a +2 ring of evasion (right hand)
 w - an uncursed ring of see invisible
Magical devices
 o - a wand of cold (7)
Scrolls
 k - 2 scrolls of blinking
 m - 5 scrolls of remove curse
 n - 2 scrolls of amnesia
 x - 2 scrolls of enchant armour
 y - 2 scrolls of fear
 z - a scroll of identify
Potions
 b - a potion of brilliance
 e - a potion of might
 f - 3 potions of curing
 g - a potion of heal wounds
 h - a potion of haste
 i - 4 potions of magic
 j - 3 potions of berserk rage
 l - 2 potions of invisibility
 v - a potion of cure mutation
Comestibles
 d - a meat ration


   Skills:
 - Level 11.1 Fighting
 - Level 13.2 Long Blades
 - Level 11.0 Armour
 * Level 8.3 Shields
 - Level 12.7 Invocations
 - Level 7.1 Evocations


You had 8 spell levels left.
You didn't know any spells.

Dungeon Overview and Level Annotations

Branches:
Dungeon (1/1)

Altars:
Cheibriados
Dithmenos
Elyvilon
Fedhas
Gozag
Kikubaaqudgha
Makhleb
Nemelex Xobeh
Okawaru
Qazlal
Ru
Sif Muna
Trog
Vehumet
Xom
Yredelemnul
Zin
The Shining One
Beogh
Jiyva
Lugonu


Message History

The spiny frog is almost dead.
You feel sick. The spiny frog stings you!
* * * LOW HITPOINT WARNING * * *
You are more poisoned.
The spiny frog poisons you!
Drink which item? (? for menu, Esc to quit)
You feel better. The spiny frog barely misses you.
You hit the spiny frog but do no damage.
The spiny frog is almost dead.
The spiny frog stings you!
* * * LOW HITPOINT WARNING * * *
You are lethally poisoned!
The spiny frog poisons you!
Drink which item? (? for menu, Esc to quit)
You feel better.
The spiny frog stings you but does no damage.
Your shield and chain mail prevent you from hitting the spiny frog.
The spiny frog is almost dead.
The spiny frog stings you!
You die...

▓▓▓▓▓▓▓▓▓▓▓▓▓▓▓▓▓▓▓▓▓▓▓▓▓▓▓▓▓▓▓▓▓
..'_____________________'..|)....
▓▓▓▓▓▓▓▓▓▓▓▓▓▓▓▓▓▓▓▓▓▓▓▓▓▓▓▓▓▓▓▓▓
.................................
▓▓▓▓▓▓▓▓▓▓▓▓▓▓▓▓▓▓▓▓▓▓▓▓▓▓▓▓▓▓▓▓▓
(.....†.........@F.......
▓▓▓▓▓▓▓▓▓▓▓▓▓▓▓▓▓▓▓▓▓▓▓▓▓


You could see a spiny frog.

Vanquished Creatures
  A cyclops (D)
  3 spiny frogs (D)
  A komodo dragon (D)
  A yak (D)
  A hippogriff (D)
  A steam dragon (D)
  4 water moccasins (D)
  3 porcupines (D)
  An ice beast (D)
  An orc warrior (D)
  A black bear (D)
  2 crocodiles (D)
  2 giant frogs (D)
  2 hounds (D)
  An iguana (D)
  An adder (D)
  A river rat (D)
  An adder skeleton (D)
  2 giant geckos (D)
  2 bats (D)
  A bat skeleton (D)
  A giant newt (D)
  3 goblins (D)
  A jackal zombie (D)
38 creatures vanquished.

Vanquished Creatures (others)
  A vampire (D)
1 creature vanquished.

Grand Total: 39 creatures vanquished

Notes
Turn   | Place    | Note
--------------------------------------------------------------
     0 | D        | Monkaria, the Hill Orc Fighter, began the quest for the Orb.
     0 | D        | Reached XP level 1. HP: 19/19 MP: 1/1
    10 | D        | Reached skill level 4 in Fighting
    33 | D        | Reached XP level 2. HP: 12/28 MP: 2/2
   202 | D        | Noticed an iguana
   221 | D        | Reached skill level 5 in Fighting
   221 | D        | Reached skill level 5 in Long Blades
   223 | D        | Killed an iguana
   223 | D        | Reached skill level 6 in Long Blades
   223 | D        | Reached XP level 3. HP: 9/37 MP: 3/3
   616 | D        | Found a glowing silver altar of Zin.
   616 | D        | Found a glowing golden altar of the Shining One.
   616 | D        | Found an ancient bone altar of Kikubaaqudgha.
   616 | D        | Found a basalt altar of Yredelemnul.
   616 | D        | Found a shimmering altar of Xom.
   616 | D        | Found a radiant altar of Vehumet.
   616 | D        | Found an iron altar of Okawaru.
   617 | D        | Found a burning altar of Makhleb.
   618 | D        | Found a deep blue altar of Sif Muna.
   619 | D        | Found a bloodstained altar of Trog.
   620 | D        | Found a sparkling altar of Nemelex Xobeh.
   621 | D        | Found a white marble altar of Elyvilon.
   622 | D        | Found a roughly hewn altar of Beogh.
   623 | D        | Found a viscous altar of Jiyva.
   624 | D        | Found a corrupted altar of Lugonu.
   625 | D        | Found a blossoming altar of Fedhas.
   626 | D        | Became a worshipper of Makhleb the Destroyer
   627 | D        | Found a snail-covered altar of Cheibriados.
   628 | D        | Found a shadowy altar of Dithmenos.
   629 | D        | Found a stormy altar of Qazlal.
   630 | D        | Found an opulent altar of Gozag.
   631 | D        | Found a sacrificial altar of Ru.
   683 | D        | Noticed an ice beast
   683 | D        | Noticed a hound
   683 | D        | Noticed a black bear
   683 | D        | Noticed a water moccasin
   689 | D        | Killed an ice beast
   689 | D        | Reached skill level 10 in Long Blades
   689 | D        | Reached XP level 4. HP: 29/44 MP: 4/4
   689 | D        | Reached XP level 5. HP: 32/50 MP: 5/5
   695 | D        | Killed a hound
   695 | D        | Acquired Makhleb's first power
   695 | D        | Reached skill level 5 in Armour
   704 | D        | Killed a black bear
   704 | D        | Acquired Makhleb's second power
   704 | D        | Reached XP level 6. HP: 30/63 MP: 6/6
   732 | D        | Killed a water moccasin
   958 | D        | Noticed a yak
   958 | D        | Noticed a vampire
   958 | D        | Noticed a cyclops
   958 | D        | Noticed a crocodile
   958 | D        | Noticed an orc warrior
   971 | D        | Killed a yak
   971 | D        | Acquired Makhleb's third power
   971 | D        | Reached XP level 7. HP: 57/70 MP: 6/17
   976 | D        | Killed a vampire
   983 | D        | Killed a cyclops
   983 | D        | Reached skill level 10 in Fighting
   983 | D        | Reached skill level 12 in Long Blades
   983 | D        | Reached XP level 8. HP: 61/81 MP: 7/18
   992 | D        | Killed a crocodile
  1004 | D        | Killed an orc warrior
  1004 | D        | Acquired Makhleb's fourth power
  1298 | D        | Noticed a water moccasin
  1298 | D        | Noticed a water moccasin
  1298 | D        | Noticed a porcupine
  1298 | D        | Noticed a crocodile
  1298 | D        | Noticed a spiny frog
  1298 | D        | Noticed a porcupine
  1298 | D        | Noticed a hound
  1301 | D        | Noticed a komodo dragon
  1309 | D        | Killed a water moccasin
  1309 | D        | Reached skill level 13 in Long Blades
  1314 | D        | Noticed a porcupine
  1315 | D        | Killed a water moccasin
  1317 | D        | Killed a porcupine
  1317 | D        | Acquired Makhleb's fifth power
  1317 | D        | Reached skill level 10 in Invocations
  1323 | D        | Killed a crocodile
  1336 | D        | Killed a spiny frog
  1336 | D        | Reached XP level 9. HP: 49/89 MP: 21/24
  1339 | D        | Killed a porcupine
  1343 | D        | Killed a hound
  1366 | D        | Killed a komodo dragon
  1371 | D        | Killed a porcupine
  1553 | D        | Noticed a steam dragon
  1553 | D        | Noticed a giant frog
  1553 | D        | Noticed a spiny frog
  1553 | D        | Noticed a giant frog
  1553 | D        | Noticed a hippogriff
  1553 | D        | Noticed a spiny frog
  1557 | D        | Noticed a water moccasin
  1558 | D        | Killed a steam dragon
  1562 | D        | Noticed a spiny frog
  1564 | D        | Killed a giant frog
  1582 | D        | Killed a spiny frog
  1582 | D        | Reached skill level 10 in Armour
  1582 | D        | Reached skill level 5 in Shields
  1588 | D        | Killed a giant frog
  1597 | D        | Killed a hippogriff
  1606 | D        | Killed a spiny frog
  1616 | D        | Killed a water moccasin
  1630 | D        | HP: 2/89 [spiny frog (12)]
  1632 | D        | Slain by a spiny frog

Action                   |  1- 3 |  4- 6 |  7- 9 || total
-------------------------+-------+-------+-------++-------
Melee: Long sword        |    62 |    56 |   177 ||   295
  Use: Potion            |       |       |     5 ||     5
  Eat: Chunk             |       |       |     2 ||     2
